 Dungeon Crawl Stone Soup version 0.31.0-1-g2c135a0 (webtiles) character file.

Game seed: 9059967687895110313

7 mezmerelda the Charlatan (level 2, 0/17 HPs)
             Began as a Kobold Artificer on Jan 25, 2024.
             Slain by a quokka (4 damage)
             ... on level 1 of the Dungeon.
             The game lasted 00:01:44 (141 turns).

mezmerelda the Charlatan (Kobold Artificer)          Turns: 141, Time: 00:01:44

Health: 0/17       AC:  3    Str:  9    XL:     2   Next: 5%
Magic:  2/2        EV: 14    Int: 12    God:
Gold:   14         SH:  0    Dex: 15    Spells: 1/1 levels left

rFire   . . .        a - +0 club
rCold   . . .        (no shield)
rNeg    . . .        b - +0 leather armour
rPois   .            (no helmet)
rElec   .            (no cloak)
rCorr   .            (no gloves)
SInv    .            (no boots)
Will    .....        (no amulet)
Stlth   +++          (no ring)
HPRegen 0.22/turn    (no ring)
MPRegen 0.08/turn

%: no passive effects
@: no status effects
A: small, no large weapons, nightstalker 3
a: no special abilities


You were on level 1 of the Dungeon.
You visited 1 branch of the dungeon, and saw 1 of its levels.

You collected 14 gold pieces.

Inventory:

Hand Weapons
 a - a +0 club (weapon)
Armour
 b - a +0 leather armour (worn)
Wands
 c - a wand of flame (15) (quivered)
 d - a wand of charming (15)
 e - a wand of iceblast (5)


   Skills:
 + Level 2.1 Fighting
 - Level 0.7 Armour
 - Level 2.4 Dodging
 - Level 1.3 Stealth
 - Level 3.6 Evocations


You had one spell level left.
You didn't know any spells.
Your spell library was empty.

Dungeon Overview and Level Annotations

Branches:
Dungeon (1/15)

Altars:


Innate Abilities, Weirdness & Mutations

You are small and have problems with some larger weapons.
You are completely attuned to the shadows.


Message History

The bat hits you but does no damage. The quokka bites you.
You hit the bat but do no damage.
The bat is moderately wounded.
The bat hits you. The quokka closely misses you. The quokka barely misses you.
The bat attacks as it pursues you! The bat hits you.
The bat closely misses you. The bat attacks as it pursues you!
The bat hits you. The bat misses you. The bat barely misses you.
The quokka attacks as it pursues you! The quokka completely misses you.
The bat closely misses you. The quokka attacks as it pursues you!
The quokka bites you. The bat barely misses you. The bat barely misses you.
The bat hits you but does no damage.
You are too injured to fight recklessly!
You are too injured to fight recklessly!
You are too injured to fight recklessly!
You hit the bat.
The bat is severely wounded.
The bat hits you but does no damage. The bat misses you.
You hit the quokka.
The quokka is lightly wounded.
The quokka closely misses you. The quokka bites you.
* * * LOW HITPOINT WARNING * * *
You miss the quokka.
The quokka is lightly wounded.
The quokka bites you but does no damage.
You closely miss the quokka.
The quokka is lightly wounded.
The quokka barely misses you. The quokka closely misses you.
You completely miss the quokka.
The quokka is lightly wounded.
The quokka bites you.
* * * LOW HITPOINT WARNING * * *
You closely miss the quokka.
The quokka is lightly wounded.
The quokka closely misses you. x2
You completely miss the quokka.
The quokka is lightly wounded.
The quokka bites you.
You die...

#..........#####
#..........##
#...........#
##........#†#
##......##.#
#####.†##.##
#b..#..#
#r#.##.## #
#@#..)..##.#
#.####...#.# #.#
###...## #.#
#....## #.#
##.....#
###..###..
#...## #..##
####.# ##


You could see a quokka and a bat.

Vanquished Creatures
  A dart slug (D:1)
  2 jackals (D:1)
  A ball python (D:1)
  A bat (D:1)
5 creatures vanquished.

Notes
Turn   | Place    | Note
-------+----------+-------------------------------------------
     0 | D:1      | mezmerelda the Kobold Artificer began the quest for the
                  | Orb.
     0 | D:1      | Reached XP level 1. HP: 12/12 MP: 1/1
    86 | D:1      | Reached XP level 2. HP: 13/17 MP: 2/2
   141 | D:1      | Slain by a quokka

Illustrated notes

Levels and vault maps discovered:
D:1:      saegor_arrival_miasma, layout_rooms, minmay_small_reverse_x

Skill      XL: |  1 |
---------------+----+-----
Fighting       | 2 |  2.1
Armour         | |  0.7
Dodging        | |  2.4
Stealth        | |  1.3
Evocations     | |  3.6

Action                     || total
---------------------------++-------
  Melee: Club              ||    49
   Stab: Sleeping          ||     2
 Armour: Leather armour    ||    38
  Dodge: Dodged            ||    66
